 Dungeon Crawl Stone Soup version 0.25-a0-424-g80bd347ae0 (webtiles) character file.

Game seed: 88957549281849916, levelgen mode: deterministic

470 zorance the Ogre Mage (level 7, 0/59 HPs)
             Began as an Ogre Wizard on Jan 20, 2020.
             Was an Initiate of Ashenzari.
             Slain by a centaur (5 damage)
             ... on level 5 of the Dungeon.
             The game lasted 00:08:06 (7729 turns).

zorance the Ogre Mage (Ogre Wizard)                 Turns: 7729, Time: 00:08:07

Health: 0/59       AC:  4    Str: 12    XL:     7   Next: 9%
Magic:  6/14       EV: 10    Int: 21    God:    Ashenzari [......]
Gold:   177        SH:  0    Dex:  7    Spells: 8/16 levels left

rFire    . . .     SeeInvis .   k - +2 short sword (freeze)
rCold    . . .     Gourm    .   (no shield)
rNeg     . . .     Faith    .   a - +0 robe
rPois    .         Spirit   .   b - +0 hat
rElec    .         Reflect  .   s - +0 cloak
rCorr    .         Harm     .   (gloves unavailable)
MR       .....                  (boots unavailable)
Stlth    +.........             v - amulet of the acrobat
HPRegen  0.19/turn              (no ring)
MPRegen  0.14/turn              (no ring)

@: no status effects
A: large, unfitting armour, tough skin 1
a: Curse Item, Renounce Religion


You were on level 5 of the Dungeon.
You worshipped Ashenzari.
Ashenzari was noncommittal.
You were not hungry.

You visited 1 branch of the dungeon, and saw 5 of its levels.

You collected 177 gold pieces.

Inventory:

Hand Weapons
 e - a +0 dagger
 k - a +2 short sword of freezing (weapon)
Missiles
 g - 43 poisoned darts (quivered)
 l - 7 curare-tipped darts
Armour
 a - a +0 robe (worn)
 b - a +0 hat (worn)
 s - a +0 cloak (worn)
Jewellery
 v - an amulet of the acrobat (around neck)
Wands
 t - a wand of flame (12)
 E - a wand of digging (4)
Scrolls
 h - 3 scrolls of teleportation {unknown}
 i - 3 scrolls of immolation {unknown}
 n - 3 scrolls of amnesia {unknown}
 p - a scroll of blinking {unknown}
 q - 2 scrolls of remove curse
 w - 6 scrolls of identify {unknown}
 x - a scroll of magic mapping {unknown}
 y - a scroll of enchant weapon {unknown}
 C - a scroll of noise {unknown}
Potions
 c - 2 potions of magic {unknown}
 f - a potion of curing {unknown}
 j - 2 potions of might {unknown}
 m - 2 potions of haste {unknown}
 o - a potion of flight {unknown}
 r - a potion of agility {unknown}
 u - a potion of berserk rage {unknown}
 z - a potion of invisibility {unknown}
 A - a potion of degeneration {unknown}
 B - a potion of brilliance {unknown}
 D - a potion of lignification {unknown}
Comestibles
 d - 10 rations


   Skills:
 - Level 1.7 Dodging
 - Level 1.4 Stealth
 + Level 5.0 Spellcasting
 * Level 4.1 Conjurations
 - Level 0.8 Summonings
 - Level 0.8 Translocations
 - Level 2.0 Air Magic
 - Level 3.0 Poison Magic


You had 8 spell levels left.
You knew the following spells:

 Your Spells              Type           Power        Failure   Level  Hunger
a - Magic Dart            Conj           ###.         1%          1    None
b - Call Imp              Summ           #.......     12%         2    None
c - Mephitic Cloud        Conj/Pois/Air  ###.....     9%          3    ##.....
d - Blink                 Tloc           N/A          12%         2    None

Your spell library contained the following spells:

 Spells                   Type           Power        Failure   Level  Hunger
 Conjure Flame            Conj/Fire      ##......     14%         3    ##.....
 Slow                     Hex            #.......     16%         2    None


Dungeon Overview and Level Annotations

Branches:
Dungeon (5/15)
 Temple: D:4-7

Altars:
Ashenzari
Gozag
Kikubaaqudgha
Makhleb
Nemelex Xobeh
Trog
Xom
Zin

Shops:
D:4 *


Innate Abilities, Weirdness & Mutations

You are too large for most types of armour.
You have tough skin. (AC +1)


Message History

Press: ? - help, Shift-Dir - straight line, f/p - iguana
Aim: an iguana (moderately wounded)
The magic dart hits the iguana.
The iguana is severely wounded.
The iguana hisses menacingly.
The iguana bites you!
* * * LOW HITPOINT WARNING * * *
The centaur unwields a +0 shortbow.
The centaur hits you.
* * * LOW HITPOINT WARNING * * *
Casting: Magic Dart (safe; 1% risk of failure)
Confirm with . or Enter, or press ? or * to list all spells.
Aiming: Magic Dart (safe; 1% risk of failure)
Press: ? - help, Shift-Dir - straight line, f/p - iguana
Aim: an iguana (severely wounded)
The magic dart hits the iguana but does no damage.
The iguana is severely wounded.
The iguana bites you.
* * * LOW HITPOINT WARNING * * *
The centaur hits you.
You die...

#..............#.
#...###..#..#.#.......
.... ##.#.####.......
##... ##..# #....#..
#.... #..#########.#
#.... ###....# ####..#
##..(.##.....####.....#
##....<.##...<.##....#.#
#......@#...#......##..#
...$..cl(..####....##..#
..>.........##.........#
.....#..........###.....
#..#.###..###......#.##.
#. # #...## ###....#..#.
. #...... #...........
#...... #...........
....... >..........<


You could see a centaur and an iguana.

Vanquished Creatures
  A centaur (D:5)
  A bullfrog zombie (D:5)
  A hound (D:4)
  A jelly (D:5)
  Natasha (thrice) (D:2)
  A worker ant (D:4)
  A hound skeleton (D:4)
  2 gnolls (D:3)
  2 adders (D:3)
  An ooze (D:2)
  3 worms
  5 dart slugs
  4 leopard geckos
  12 orcs
  6 bats
  3 giant cockroaches (D:1)
  9 goblins
  6 hobgoblins
  7 jackals
  7 kobolds
  4 quokkas (D:2)
  3 frilled lizards
  31 rats
114 creatures vanquished.

Vanquished Creatures (collateral kills)
  4 gnolls
4 creatures vanquished.

Grand Total: 118 creatures vanquished

Notes
Turn   | Place    | Note
-------+----------+-------------------------------------------
     0 | D:1      | zorance the Ogre Wizard began the quest for the Orb.
     0 | D:1      | Reached XP level 1. HP: 16/16 MP: 5/5
    24 | D:1      | Reached skill level 1 in Conjurations
   158 | D:1      | Reached XP level 2. HP: 24/24 MP: 2/6
   903 | D:1      | Reached skill level 4 in Spellcasting
  1094 | D:1      | Reached XP level 3. HP: 31/31 MP: 3/8
  1947 | D:2      | Learned a level 2 spell: Call Imp
  1951 | D:2      | Learned a level 3 spell: Mephitic Cloud
  1954 | D:2      | Learned a level 2 spell: Blink
  2344 | D:2      | Reached XP level 4. HP: 39/39 MP: 7/10
  2758 | D:2      | Noticed Natasha
  2768 | D:2      | Killed Natasha
  2768 | D:2      | Reached skill level 1 in Air Magic
  2859 | D:2      | Noticed Natasha
  2880 | D:2      | Killed Natasha
  2880 | D:2      | Reached skill level 1 in Poison Magic
  2880 | D:2      | Reached XP level 5. HP: 11/45 MP: 7/11
  3608 | D:2      | Noticed Natasha
  3617 | D:2      | Killed Natasha
  5049 | D:3      | Reached XP level 6. HP: 53/53 MP: 9/12
  6137 | D:4      | Found an ancient bone altar of Kikubaaqudgha.
  6137 | D:4      | Found a shattered altar of Ashenzari.
  6138 | D:4      | Found a sparkling altar of Nemelex Xobeh.
  6139 | D:4      | Found a bloodstained altar of Trog.
  6139 | D:4      | Found a glowing silver altar of Zin.
  6139 | D:4      | Found an opulent altar of Gozag.
  6381 | D:4      | Found a shimmering altar of Xom.
  6386 | D:4      | Became a worshipper of Ashenzari the Shackled
  6480 | D:4      | Found a burning altar of Makhleb.
  6480 | D:4      | Noticed a green death
  6483 | D:4      | Noticed a smoke demon
  6483 | D:4      | Noticed a ynoxinul
  6624 | D:4      | Found a shimmering altar of Xom.
  7014 | D:4      | Found Rutekkav's Lightly-Used Armoury.
  7339 | D:5      | Entered Level 5 of the Dungeon
  7515 | D:5      | Reached skill level 5 in Spellcasting
  7515 | D:5      | Reached XP level 7. HP: 10/59 MP: 5/14
  7729 | D:5      | Slain by a centaur

Levels and vault maps discovered:
D:1:      ncdulo_smallfort, layout_rooms
D:2:      layout_loops_ring, minmay_rat_hole, uniq_natasha
D:3:      layout_basic
D:4:      layout_gridville, makhleb_altar_promises_db,
          grunt_temple_overflow_open, chequers_serial_rivers_micro_e,
          glass_columns_b, minmay_shop_damaged, xom_teletrap_fun
D:5:      layout_cave_pools, kennysheep_ying_yang, first_ration

Skill      XL: |  1  2  3  4  5  6  7 |
---------------+----------------------+-----
Conjurations   | 1 2 3 4 |  4.1
Spellcasting   | 4 5 |  5.0
Air Magic      | 1 2 |  2.0
Poison Magic   | 1 2 3 |  3.0
Dodging        | |  1.7
Stealth        | |  1.4
Summonings     | |  0.8
Translocations | |  0.8

Action                   |  1- 3 |  4- 6 |  7- 9 || total
-------------------------+-------+-------+-------++-------
Melee: Unarmed           |    14 |       |       ||    14
       Dagger            |    12 |       |       ||    12
       Short sword       |    16 |    26 |       ||    42
Throw: Dart              |       |     1 |       ||     1
 Cast: Magic Dart        |    98 |   182 |    12 ||   292
       Call Imp          |       |    11 |       ||    11
  Use: Scroll            |       |     1 |       ||     1
  Eat: Chunk             |     4 |    11 |       ||    15
       Ration            |       |     1 |     1 ||     2
Armor: Robe              |    16 |    10 |       ||    26
Dodge: Dodged            |    34 |    46 |       ||    80

Table legend:
 A = Non-vault XP
 B = Vault XP
 C = Vault XP percentage of total XP
 D = Non-vault monster count
 E = Vault monster count
 F = Vault count percentage of total count
                 A         B        C        D         E       F
            +---------+---------+-------+---------+---------+-------
      Total |     616 |      56 |   8.3 |      98 |      20 |  16.9
            +---------+---------+-------+---------+---------+-------
        D:1 |      55 |       0 |   0.0 |      30 |       0 |   0.0
        D:2 |     145 |      56 |  27.9 |      33 |      20 |  37.7
        D:3 |     106 |       0 |   0.0 |      25 |       0 |   0.0
        D:4 |     107 |       0 |   0.0 |       7 |       0 |   0.0
        D:5 |     203 |       0 |   0.0 |       3 |       0 |   0.0
            +---------+---------+-------+---------+---------+-------
